Map: Oceanborn LE

Players

Geoff

  • Race: Terran Terran
  • League: Master
  • Spawn Location: 5:00

Adapt - Winner!

  • Race: Zerg Zerg
  • League: Master
  • Spawn Location: 11:00

VOD

Have the link to the VOD?

Description

Time

  • Played on: Oct. 31, 2023, 11:03 p.m.
  • Length: 13:08
Show
View Real Time Build Order
Export as new Build Order

Geoff Terran 

Build Orders: Reaper Expand, Hellion Banshee, Mech 

Get SALT Encoding   

  12  0:00  SCV  
  13  0:12  SCV  
  14  0:17  Supply Depot  
  14  0:24  SCV  
  15  0:39  Barracks, SCV  
  16  0:42  Refinery  
  16  0:51  SCV  
  17  1:03  SCV  
  18  1:15  SCV  
  19  1:27  Orbital Command, Reaper  
  20  1:40  Command Center  
  20  1:53  SCV  
  21  1:58  Supply Depot  
  21  2:00  Barracks Reactor  
  21  2:05  SCV  
  22  2:17  SCV  
  23  2:25  Factory  
  23  2:29  SCV  
  24  2:37  Marine x2  
  24  2:41  SCV  
  27  2:48  Command Center, Refinery  
  27  2:53  SCV  
  27  2:56  Marine x2  
  30  3:02  Orbital Command  
  30  3:09  SCV  
  31  3:14  Starport  
  31  3:22  Hellion  
  31  3:26  Hellion  
  35  3:27  SCV  
  35  3:34  Barracks Tech Lab  
  36  3:35  SCV  
  36  3:40  SCV  
  38  3:46  Hellion  
  38  3:47  Hellion, SCV  
  42  3:52  SCV  
  43  4:01  Orbital Command, SCV  
  44  4:04  Refinery  
  44  4:06  Refinery  
  46  4:11  Hellion x2  
  46  4:12  Banshee  
  51  4:22  SCV x2  
  53  4:24  Supply Depot  
  53  4:26  Factory  
  53  4:32  SCV  
  53  4:34  Barracks Tech Lab  
  53  4:35  Hellion  
  56  4:50  Hellion  
  56  4:52  Supply Depot  
  50  4:55  Banshee  
  50  4:58  SCV x3  
  56  5:04  Hellion  
  58  5:10  SCV x2  
  58  5:12  SCV  
  61  5:14  Hellion  
  61  5:15  Supply Depot  
  61  5:16  Siege Tank  
  66  5:22  Armory, SCV x2  
  66  5:26  Armory  
  68  5:29  Hellion  
  68  5:32  Engineering Bay  
  68  5:34  SCV  
  68  5:35  SCV  
  72  5:37  SCV  
  63  6:00  Banshee  
  63  6:01  Siege Tank, Hellion x2  
  57  6:14  SCV x3  
  44  6:26  Hellion x2, SCV  
  44  6:27  Orbital Command  
  44  6:30  Supply Depot  
  46  6:33  Siege Tank  
  49  6:56  SCV x3  
  49  6:58  Hellion x2, Infernal Pre-Igniter  
  56  7:08  SCV x3  
  59  7:12  Supply Depot  
  59  7:13  Terran Vehicle Weapons Level 1  
  59  7:14  Terran Vehicle And Ship Armor Level 1, Supply Depot  
  59  7:20  SCV x2  
  61  7:34  Hellion, SCV x3  
  61  7:36  Supply Depot  
  66  7:37  Supply Depot  
  66  7:45  Siege Tank  
  66  7:46  Hellion, SCV x2  
  66  7:47  Raven  
  75  7:52  Factory  
  75  7:56  Missile Turret  
  75  7:57  Barracks Reactor  
  75  8:00  Missile Turret  
  75  8:02  Supply Depot  
  75  8:04  SCV x3  
  78  8:10  Cyclone  
  78  8:11  Cyclone  
  82  8:17  Hurricane Engines  
  82  8:27  SCV x2  
  84  8:30  Cyclone, Refinery  
  84  8:31  Refinery  
  84  8:45  Hellion x2  
  80  8:49  Orbital Command  
  74  8:57  SCV x2  
  76  9:13  SCV x2  
  75  9:18  Orbital Command, Cyclone x3, Missile Turret x2  
  75  9:19  Cyclone  
  84  9:25  Terran Vehicle Weapons Level 2  
  84  9:26  Missile Turret  
  84  9:28  Missile Turret  
  77  9:41  Missile Turret  
  77  9:43  SCV x2  
  77  9:44  Missile Turret  
  77  9:45  Thor  
  79  9:47  SCV  
  86  9:52  Terran Vehicle And Ship Armor Level 2  
  86  9:55  SCV x2  
  86  9:59  SCV  
  89  10:00  Cyclone x2  
  89  10:05  Refinery  
  93  10:07  SCV x2  
  93  10:18  Missile Turret  
  93  10:19  Missile Turret  
  93  10:20  SCV x2  
  95  10:23  SCV  
  95  10:24  Sensor Tower  
  95  10:35  SCV x2  
  97  10:37  Refinery  
  97  10:40  SCV  
  98  10:44  Thor, Missile Turret, Supply Depot  
  98  10:45  Missile Turret  
  76  10:59  Hellion x2  
  76  11:00  Hellion x2  
  76  11:04  Factory x3  
  84  11:07  Command Center  
  84  11:08  Missile Turret  
  84  11:09  Missile Turret  
  84  11:12  Viking, SCV  
  84  11:13  SCV  
  84  11:17  SCV  
  89  11:25  SCV x2  
  91  11:30  Thor, Missile Turret  
  91  11:31  Missile Turret x3  
  91  11:32  Hellion x3  
  103  11:34  SCV  
  103  11:37  SCV x2  
  106  11:43  Hellion  
  106  11:44  Hellion  
  106  11:45  Hellion x2  
  106  11:50  Factory Tech Lab  
  106  11:51  Factory Tech Lab, Factory Reactor  
  106  11:53  Missile Turret  
  106  11:54  Missile Turret, SCV x3  
  109  12:01  Sensor Tower  
  109  12:10  Supply Depot  
  109  12:11  Hellion x4, Supply Depot x2  
  117  12:18  Thor, Supply Depot  
  117  12:19  Supply Depot  
  117  12:20  Supply Depot  
  121  12:40  Hellion x3  
  121  12:41  Hellion x2  
Show
View Real Time Build Order
Export as new Build Order

Adapt Zerg - Winner!

Build Orders: Hatch First, Swarm Host 

Get SALT Encoding   

  12  0:00  Drone  
  13  0:14  Overlord  
  13  0:17  Drone  
  14  0:33  Drone x2  
  16  0:49  Hatchery  
  15  0:52  Drone  
  15  0:55  Drone  
  17  0:59  Drone  
  18  1:09  Extractor  
  17  1:14  Spawning Pool  
  17  1:18  Drone  
  17  1:21  Drone  
  18  1:29  Drone  
  19  1:40  Drone  
  20  1:51  Drone  
  21  2:01  Queen x2  
  21  2:02  Zergling x4  
  27  2:16  Hatchery  
  27  2:20  Overlord  
  26  2:25  Drone x2  
  28  2:32  Spore Crawler  
  28  2:34  Drone  
  28  2:36  Metabolic Boost  
  29  2:42  Queen  
  30  2:45  Drone  
  30  2:48  Drone  
  32  3:01  Drone x4  
  36  3:05  Overlord  
  36  3:13  Overlord  
  36  3:26  Drone x4  
  40  3:37  Drone x4  
  44  3:51  Extractor  
  44  3:52  Roach Warren, Overlord x2  
  44  3:53  Drone  
  44  3:54  Drone x2  
  45  3:58  Drone x2  
  45  3:59  Drone x2  
  49  4:11  Overlord x3  
  49  4:17  Zergling x6  
  49  4:22  Zergling x4  
  54  4:24  Zergling x2  
  55  4:31  Overlord  
  55  4:32  Overlord  
  55  4:45  Roach x6  
  65  4:46  Roach x2  
  68  4:53  Roach x3  
  68  4:57  Roach x2  
  78  5:02  Drone x4  
  78  5:03  Drone  
  83  5:12  Queen  
  85  5:15  Overlord x2  
  85  5:16  Drone x2  
  85  5:17  Drone  
  88  5:28  Extractor  
  88  5:30  Ravager x2  
  88  5:31  Ravager  
  88  5:34  Zergling x18  
  97  5:53  Zergling x2  
  97  5:54  Zergling x18  
  86  6:18  Lair  
  79  6:19  Drone x2  
  79  6:20  Drone  
  79  6:24  Extractor, Spore Crawler  
  74  6:25  Spore Crawler  
  74  6:26  Drone, Spore Crawler x2  
  74  6:27  Drone x7  
  74  6:28  Spore Crawler  
  75  6:34  Drone  
  76  6:43  Queen x2  
  76  6:46  Drone x3  
  82  6:52  Hatchery  
  69  6:55  Spore Crawler  
  69  6:57  Drone x2  
  69  6:58  Drone x3  
  69  6:59  Drone x2  
  73  7:05  Extractor  
  73  7:07  Extractor  
  73  7:08  Drone x3  
  74  7:09  Drone x3  
  77  7:19  Spire  
  77  7:21  Evolution Chamber  
  76  7:22  Drone  
  76  7:23  Drone x3, Baneling Nest, Spore Crawler, Evolution Chamber  
  76  7:27  Drone x7  
  83  7:45  Zergling x4  
  83  7:46  Zergling x8  
  89  7:52  Zerg Melee Weapons Level 1, Zerg Ground Armor Level 1  
  89  7:58  Zergling x18  
  98  8:04  Overlord x2  
  98  8:06  Hatchery  
  98  8:07  Centrifugal Hooks  
  98  8:11  Extractor  
  98  8:12  Extractor  
  95  8:17  Zergling x16  
  103  8:27  Zergling x2  
  103  8:28  Zergling x14, Hatchery  
  99  8:42  Mutalisk x2  
  99  8:43  Mutalisk x4  
  95  8:52  Mutalisk x7  
  95  8:55  Overseer  
  109  9:03  Queen  
  109  9:04  Queen  
  109  9:06  Mutalisk x2  
  117  9:12  Drone x7  
  117  9:13  Drone  
  125  9:19  Pneumatized Carapace  
  125  9:35  Glial Reconstitution  
  118  9:47  Zerg Flyer Weapons Level 1  
  118  9:48  Mutalisk x2  
  118  9:49  Infestation Pit  
  118  9:50  Zergling x6  
  118  9:51  Zergling x32  
  140  9:57  Zerg Missile Weapons Level 1  
  138  10:22  Zergling x8  
  138  10:23  Overlord x2  
  138  10:24  Overlord  
  140  10:33  Overlord x5  
  136  10:47  Zergling x34  
  136  10:48  Zergling x4  
  130  10:59  Hive  
  130  11:01  Nydus Network  
  129  11:05  Swarm Host  
  129  11:06  Swarm Host x6  
  150  11:17  Swarm Host x6  
  168  11:23  Swarm Host x2  
  174  11:26  Swarm Host, Hatchery  
  174  11:28  Extractor x2  
  174  11:47  Roach x12  
  182  11:51  Nydus Canal  
  194  11:56  Overlord x2  
  194  12:15  Zergling x12  
  200  12:21  Nydus Canal  
  200  12:36  Baneling  
  200  12:37  Baneling x17  
Tags
 
Add a new tag
Caveats
  • Supply blocks, unpowered buildings, or Contaminate may cause inaccurate times.
  • Supply counts are checked every 10 seconds.